 Seeded DCSS version 0.30-a0-743-gbfdf073431 (webtiles) character file.

Game seed: 5430720872467839093 (custom seed)

438 purpskrrrp the Sneak (level 6, -3/32 HPs)
             Began as a Spriggan Brigand on Feb 7, 2023.
             Killed from afar by an orc wizard (11 damage)
             ... with a puff of flame
             ... on level 3 of the Dungeon.
             The game lasted 00:05:31 (3438 turns).

purpskrrrp the Sneak (Spriggan Brigand)             Turns: 3438, Time: 00:05:31

Health: -3/32      AC:  5    Str: 13    XL:     6   Next: 69%
Magic:  7/7        EV: 20    Int: 12    God:
Gold:   149        SH:  0    Dex: 26    Spells: 5/5 levels left

rFire   . . .      SeeInvis +    a - +2 dagger (flame)
rCold   + . .      Faith    .    (no shield)
rNeg    . . .      Spirit   .    A - +2 robe of Binutifa {rPois Dex+5}
rPois   +          Reflect  .    (helmet restricted)
rElec   +          Harm     .    c - +0 cloak
rCorr   .          Rampage  .    (gloves unavailable)
Will    +....                    (boots unavailable)
Stlth   +++++                    (no amulet)
HPRegen 0.25/turn                n - +6 ring of strength
MPRegen 0.10/turn                p - ring of protection from cold

@: very quick
A: very small, no large weapons, unfitting armour, see invisible, speed 3, thin
skeletal structure 1, electricity resistance
a: no special abilities


You were on level 3 of the Dungeon.
You visited 1 branch of the dungeon, and saw 4 of its levels.

You collected 149 gold pieces.

Inventory:

Hand Weapons
 a - a +2 dagger of flaming (weapon)
Missiles
 d - 13 poisoned darts
 t - a throwing net
 x - 3 curare-tipped darts
Armour
 b - a +0 robe
 c - a +0 cloak (worn)
 A - the +2 robe of Binutifa (worn) {rPois Dex+5}
   (You found it on level 3 of the Dungeon)

   Dex:       It affects your dexterity (+5).
   rPois:     It protects you from poison.
Jewellery
 n - a +6 ring of strength (left hand)
 p - a ring of protection from cold (right hand)
Wands
 u - a wand of mindburst (13)
Scrolls
 e - a scroll of poison {unknown}
 g - a scroll of torment {unknown}
 h - 3 scrolls of amnesia {unknown}
 i - 3 scrolls of identify {unknown}
 l - 2 scrolls of noise {unknown}
 m - 2 scrolls of teleportation {unknown}
 o - 4 scrolls of acquirement {unknown}
 q - a scroll of fog {unknown}
 r - a scroll of immolation {unknown}
 s - 2 scrolls of enchant armour {unknown}
 y - a scroll of silence {unknown}
Potions
 f - a potion of degeneration {unknown}
 j - a potion of attraction
 k - a potion of berserk rage {unknown}
 v - a potion of lignification {unknown}
 w - a potion of ambrosia {unknown}


   Skills:
 + Level 3.0 Fighting
 * Level 5.2 Short Blades
 - Level 2.0 Throwing
 + Level 4.1 Dodging
 + Level 7.7 Stealth


You had 5 spell levels left.
You didn't know any spells.
Your spell library was empty.

Dungeon Overview and Level Annotations

Branches:
Dungeon (4/15)             Temple (0/1) D:4

Altars:
Okawaru

Shops:
D:2 ?

Annotations:
D:4 1 runed translucent door, elongatedgoose's ghost, amateur TrFi


Innate Abilities, Weirdness & Mutations

You are very small and have problems with some larger weapons.
You are too small for most types of armour.
You have supernaturally acute eyesight. (SInv)
You cover ground extremely quickly. (Speed+++)
You have a somewhat thin skeletal structure. (Dex +2, Stealth+)
You are resistant to electric shocks. (rElec)


Message History

You are too injured to fight recklessly!
The orc closely misses you. The orc completely misses you.
The orc wizard misses you.
You climb upwards.
There is a stone staircase leading down here.
You puncture the orc wizard! You burn the orc wizard.
The orc wizard is almost dead.
The orc completely misses you.
The orc wizard points at you and mumbles some strange words.
You are confused.
You bump into the rock wall.
The orc misses you. The orc wizard closely misses you.
You're too confused to move!
The orc wizard hits you but does no damage.
The orc hits you but does no damage.
The orc wizard gestures at you while chanting.
The magic dart hits you.
You closely miss the orc wizard.
The orc wizard is almost dead.
The orc closely misses you.
You're too confused to move!
The orc wizard hits you with a +0 dagger of speed.
* * * LOW HITPOINT WARNING * * *
The orc hits you with a +0 short sword.
* * * LOW HITPOINT WARNING * * *
The orc wizard barely misses you.
You bump into the rock wall.
The orc wizard barely misses you. The orc misses you.
You're too confused to move!
You feel less confused.
The orc wizard hits you with a +0 dagger of speed.
* * * LOW HITPOINT WARNING * * *
The orc hits you with a +0 short sword.
* * * LOW HITPOINT WARNING * * *
The orc wizard hits you with a +0 dagger of speed.
* * * LOW HITPOINT WARNING * * *
You feel better.
The orc wizard points at you and mumbles some strange words.
The puff of flame hits you!
You die...

#####
#...#
###.#
....##
###.#
#.#
..[..##
#.# #.#
......#
#.# #.#
......#
#.# #.#
.....(#
#.## #.#
......#
#..# #.#
......#
##.# #o#
.....##
#.## #@#
....##
#..###o#
#####
##....o#
#######


You could see an orc wizard and 2 orcs.

Vanquished Creatures
  A scorpion (D:4)
  A necrophage (D:2)
  2 orc priests
  An iguana (D:4)
  2 orc wizards
  9 gnolls
  2 adders
  2 worms (D:4)
  A dart slug (D:4)
  3 orcs
  3 bats
  6 endoplasms
  2 giant cockroaches
  4 goblins
  6 hobgoblins
  7 jackals
  6 kobolds
  5 quokkas
  7 ball pythons
  2 frilled lizards
  3 rats
75 creatures vanquished.

Notes
Turn   | Place    | Note
-------+----------+-------------------------------------------
     0 | D:1      | purpskrrrp the Spriggan Brigand began the quest for the
                  | Orb.
     0 | D:1      | Reached XP level 1. HP: 10/10 MP: 2/2
    81 | D:1      | Reached skill level 6 in Stealth
   162 | D:1      | Reached XP level 2. HP: 9/15 MP: 3/3
  1084 | D:2      | Noticed a necrophage
  1092 | D:2      | Killed a necrophage
  1093 | D:2      | Reached XP level 3. HP: 14/18 MP: 4/4
  1093 | D:2      | Reached XP level 4. HP: 18/23 MP: 5/5
  1578 | D:2      | Found Doddoiw's Magic Scroll Shoppe.
  1594 | D:2      | Gained mutation: You are resistant to electric shocks.
                  | (rElec) [potion of mutation]
  1594 | D:2      | Gained mutation: You have a somewhat thin skeletal
                  | structure. (Dex +2, Stealth+) [potion of mutation]
  1650 | D:2      | Reached XP level 5. HP: 14/27 MP: 6/6
  1919 | D:3      | You fall into a shaft and drop 1 floor!
  1978 | D:4      | Reached skill level 7 in Stealth
  2205 | D:2      | Reached XP level 6. HP: 32/32 MP: 7/7
  2503 | D:3      | Found a faded altar of an unknown god.
  2642 | D:3      | Identified the +3 short sword of the Manifold Quests
                  | {flame, rElec Int+5}
  2787 | D:3      | Reached skill level 5 in Short Blades
  3063 | D:3      | Found an iron altar of Okawaru.
  3135 | D:3      | Identified the +2 robe of Binutifa {rPois Dex+5}
  3382 | D:4      | Found a runed translucent door.
  3386 | D:4      | Noticed elongatedgoose's ghost (amateur TrFi)
  3392 | D:4      | Found a staircase to the Ecumenical Temple.
  3438 | D:3      | Killed from afar by an orc wizard

Illustrated notes

Levels and vault maps discovered:
D:1:      dpeg_arrival_boxes_within_box, layout_basic
D:2:      layout_loops_ring, serial_shops, shop, nicolae_kite_square_tiling_tiny
D:3:      layout_rooms, okawaru_metal_pillars_3, ebering_ecumenical_altar_rust
D:4:      layout_basic, minmay_temple_entry_overgrown, ebering_ghost_sewer_d,
          minmay_manual_monstrance, uniq_blork_the_orc

Skill      XL: |  1  2  3  4  5  6 |
---------------+-------------------+-----
Stealth        | 6 7 |  7.7
Dodging        | 2 3 4 |  4.1
Fighting       | 2 3 |  3.0
Short Blades   | 3 4 5 |  5.2
Throwing       | |  2.0

Action                     |  1- 3 |  4- 6 || total
---------------------------+-------+-------++-------
  Melee: Dagger            |    67 |   205 ||   272
         Punch             |       |     4 ||     4
  Throw: Dart              |       |    18 ||    18
    Use: Scroll            |     1 |       ||     1
         Potion            |       |     5 ||     5
   Stab: Sleeping          |     8 |    11 ||    19
 Armour: Robe              |    10 |    23 ||    33
  Dodge: Dodged            |    46 |   152 ||   198

Table legend: (Time is in decaauts)
 A = Elapsed time spent in this place.
 B = Non-inter-level travel time spent in this place.
 C = Inter-level travel time spent in this place.
 D = Time resting spent in this place.
 E = Time spent auto-exploring this place.
 F = Levels seen in this place.
 G = Mean time per level.
                   A        B        C        D        E       F      G
               +--------+--------+--------+--------+--------+-----+--------+
         Total |   2535 |   2407 |    128 |    687 |   1229 |   4 |  633.8 |
       Dungeon |   2535 |   2407 |    128 |    687 |   1229 |   4 |  633.8 |
               +--------+--------+--------+--------+--------+-----+--------+

Top non-repeatable levels by time:
     D:2: 1000 daAuts
     D:3: 646 daAuts
     D:1: 597 daAuts
     D:4: 290 daAuts
